 Dungeon Crawl Stone Soup version 0.31-a0-986-g5e6e4ef867 (webtiles) character file.

Game seed: 6555348847868425085

135 Dittersdorf the Shield-Bearer (level 5, 0/42 HPs)
             Began as a Human Fighter on Nov 7, 2023.
             Slain by a worm (3 damage)
             ... on level 2 of the Dungeon.
             The game lasted 00:01:53 (1594 turns).

Dittersdorf the Shield-Bearer (Human Fighter)       Turns: 1594, Time: 00:01:54

Health: 0/42       AC:  9    Str: 18    XL:     5   Next: 42%
Magic:  5/5        EV:  8    Int:  9    God:
Gold:   41         SH:  8    Dex: 12    Spells: 4/4 levels left

rFire   . . .        a - +0 long sword
rCold   . . .        k - +0 kite shield
rNeg    . . .        b - +0 scale mail
rPois   .            c - +0 helmet
rElec   .            o - +0 cloak
rCorr   .            (no gloves)
SInv    .            (no boots)
Will    .....        (no amulet) Stlth
                     (no ring)
HPRegen 0.27/turn    (no ring)
MPRegen 0.09/turn

%: no passive effects
@: no status effects
A: no striking features
a: no special abilities


You were on level 2 of the Dungeon.
You visited 1 branch of the dungeon, and saw 2 of its levels.

You collected 104 gold pieces.
You spent 63 gold pieces at shops.

Inventory:

Hand Weapons
 a - a +0 long sword (weapon)
Armour
 b - a +0 scale mail (worn)
 c - a +0 helmet (worn)
 k - a +0 kite shield (worn)
 o - a +0 cloak (worn)
Scrolls
 g - a scroll of brand weapon {unknown}
 h - a scroll of revelation {unknown}
 j - a scroll of torment {unknown}
 l - a scroll of blinking {unknown}
 m - a scroll of identify {unknown}
Potions
 d - a potion of might
 e - a potion of curing {unknown}
 f - a potion of mutation {unknown}
 n - a potion of attraction {unknown}


   Skills:
 + Level 3.8 Fighting
 + Level 3.1 Long Blades
 + Level 3.8 Armour
 + Level 3.8 Shields


You had 4 spell levels left.
You didn't know any spells.
Your spell library was empty.

Dungeon Overview and Level Annotations

Branches:
Dungeon (2/15)

Altars:

Shops:
D:1 [


Message History

Terence is severely wounded.
You block Terence's attack.
You hit Terence but do no damage.
Terence is severely wounded.
Terence hits you but does no damage. Terence hits you with a +0 mace.
* * * LOW HITPOINT WARNING * * *
You barely miss Terence.
Terence is severely wounded.
You block Terence's attack.
You hit Terence but do no damage.
Terence is severely wounded.
Terence barely misses you.
You hit Terence but do no damage.
Terence is severely wounded.
You block Terence's attack. Terence completely misses you.
You slash Terence!
You kill Terence!
You hit the worm but do no damage. You block the worm's attack.
You hit the worm.
The worm is lightly wounded.
You block the worm's attack.
You slash the worm!
The worm is heavily wounded.
The worm bites you!
* * * LOW HITPOINT WARNING * * *
You barely miss the worm.
The worm is heavily wounded.
The worm barely misses you.
You hit the worm.
The worm is heavily wounded.
You block the worm's attack.
You hit the worm.
The worm is heavily wounded.
You barely miss the worm.
The worm is heavily wounded.
You block the worm's attack.
You hit the worm.
The worm is severely wounded.
The worm bites you.
You die...

♣♣♣ ♣♣♣
♣♣.=♣ #####
♣>♣♣ ♣....
#...# ♣..♣
♣.(.. ##..#
♣♣.♣♣ ♣!..[
#<.# ######
♣♣.♣
♣...♣♣♣
#..# #.....
# ♣.♣
♣.w@♣♣ ##.#
#....[ #
♣.♣♣
♣.♣♣(♣♣
#.###.....
# ♣♣.♣ ♣♣
♣♣.♣
#.........
♣.♣ ♣.♣♣
##........
♣.♣♣♣ ♣♣.♣
#.##..(..
♣♣..♣ ♣.♣♣
#.#......
♣♣.♣♣♣♣♣♣♣
♣♣.♣
#......<.
♣..♣♣...♣♣
♣.♣♣
##...####
♣♣..♣.♣♣.♣♣
♣♣.♣ ##..)#


You could see a worm.

Vanquished Creatures
  Terence (D:2)
  Robin (D:2)
  3 adders (D:2)
  2 worms (D:2)
  A dart slug (D:1)
  3 ball pythons
  5 bats
  6 endoplasms
  2 giant cockroaches
  13 goblins
  9 hobgoblins
  4 kobolds
  A quokka (D:2)
  3 frilled lizards
  2 rats
56 creatures vanquished.

Notes
Turn   | Place    | Note
-------+----------+-------------------------------------------
     0 | D:1      | Dittersdorf the Human Fighter began the quest for the Orb.
     0 | D:1      | Reached XP level 1. HP: 18/18 MP: 1/1
    60 | D:1      | Reached XP level 2. HP: 14/24 MP: 2/2
   267 | D:1      | Found Azxots's Armour Boutique.
   766 | D:1      | Bought a +0 kite shield for 63 gold pieces
   800 | D:2      | Reached XP level 3. HP: 29/29 MP: 3/3
  1084 | D:2      | Reached XP level 4. HP: 35/35 MP: 4/4
  1088 | D:2      | Noticed Robin
  1181 | D:2      | Killed Robin
  1449 | D:2      | Reached XP level 5. HP: 28/42 MP: 5/5
  1547 | D:2      | Noticed Terence
  1586 | D:2      | Killed Terence
  1589 | D:2      | HP: 1/42 [worm (8)]
  1594 | D:2      | Slain by a worm

Illustrated notes

Levels and vault maps discovered:
D:1:      ebering_trefoil_twist, layout_loops_ring, serial_shops,
          nicolae_shop_pleasant_corner_grove
D:2:      kb_forest_paths, layout_rooms, serial_curves, eino_curves_01,
          eino_curves_02, uniq_robin, uniq_terence

Skill      XL: |  1  2  3  4  5 |
---------------+----------------+-----
Long Blades    | 3 |  3.1
Fighting       | |  3.8
Armour         | |  3.8
Shields        | |  3.8

Action                     |  1- 3 |  4- 6 || total
---------------------------+-------+-------++-------
  Melee: Long sword        |    87 |   163 ||   250
 Armour: Scale mail        |    54 |    97 ||   151
  Dodge: Dodged            |    29 |    61 ||    90
  Block: Buckler           |    10 |       ||    10
         Kite shield       |    22 |    99 ||   121

Table legend: (Time is in decaauts)
 A = Elapsed time spent in this place.
 B = Non-inter-level travel time spent in this place.
 C = Inter-level travel time spent in this place.
 D = Time resting spent in this place.
 E = Time spent auto-exploring this place.
 F = Levels seen in this place.
 G = Mean time per level.
                   A        B        C        D        E       F      G
               +--------+--------+--------+--------+--------+-----+--------+
         Total |   1692 |   1613 |     79 |     34 |   1052 |   2 |  846.0 |
       Dungeon |   1692 |   1613 |     79 |     34 |   1052 |   2 |  846.0 |
               +--------+--------+--------+--------+--------+-----+--------+

Top non-repeatable levels by time:
     D:2: 878 daAuts
     D:1: 814 daAuts
